AoeStats
← _Orca_

MegaRandom

508409165Analyzed
4v4 RM · 9d ago on Sep 22, 2026· 60m 11s· 8 players
Game mode
Random Map
Map size
Large (8 player)
Population
200
Speed
Normal
Resources
Standard
Victory
Conquest
Starting age
Dark Age
Ending age
Imperial Age
RankedLock teamsTeams togetherTeam positionsShared explorationLock speedFull tech treeHidden civsTurbo modeCheats
Victory
Defeat
🇹🇼 Vietnamese · Taiwan
1562
+8
🇭🇰 Georgians · Hong Kong SAR China
1492
+10
🇭🇰 Italians · Hong Kong SAR China
1433
+12
🇨🇳 Magyars · China
1339
+16
🇧🇩 Ethiopians · Bangladesh
1387
-13
🇹🇼 Persians · Taiwan
1365
-12
🇮🇹 Khmer · Italy
1349
-11
🇯🇵 Maya · Japan
1326
-10
Tonytony_Chopper
5:31 Loom
9:46 Feudal Age
10:54 Double-Bit Axe
12:59 Scale Barding Armor
15:18 Bloodlines
18:57 Castle Age
17:02 Gold Mining
16:56 Horse Collar
18:09 Forging
22:00 Wheelbarrow
22:50 Bow Saw
23:52 Chain Barding Armor
25:29 Iron Casting
25:31 Husbandry
25:56 Hand Cart
26:05 Stone Mining
30:07 Light Cavalry
36:34 Imperial Age
35:58 Fletching
36:41 Cavalier
38:08 Plate Barding Armor
38:04 Ballistics
37:42 Hussar
39:19 Bodkin Arrow
39:39 Padded Archer Armor
40:09 Conscription
40:52 Chemistry
41:10 Heavy Plow
43:16 Blast Furnace
42:17 Bracer
42:37 Murder Holes
42:31 Town Watch
44:13 Medium Warships
44:36 Pikeman
45:47 Scale Mail Armor
46:58 Chain Mail Armor
48:03 Gold Shaft Mining
48:48 Medium Warships
48:04 Halberdier
49:53 Arson
50:41 Town Patrol
50:49 Siege Engineers
51:39 Hoardings
53:37 Elite Skirmisher
55:15 Stone Shaft Mining
_Orca_
5:46 Loom
9:01 Feudal Age
12:24 Fletching
22:10 Castle Age
20:40 Double-Bit Axe
20:36 Horse Collar
21:23 Gold Mining
22:13 Padded Archer Armor
22:50 Bodkin Arrow
22:25 Crossbowman
24:08 Leather Archer Armor
25:37 Ballistics
26:34 Wheelbarrow
26:41 Bow Saw
27:53 Thumb Ring
29:40 Gold Shaft Mining
30:39 Town Watch
38:31 Imperial Age
38:16 Heavy Plow
38:07 Stone Mining
38:37 Arbalester
39:46 Bracer
41:18 Chemistry
41:24 Hand Cart
43:13 Two-Man Saw
42:12 Murder Holes
43:19 Guilds
44:26 Siege Engineers
44:31 Masonry
46:54 Coinage
46:25 Caravan
47:10 Conscription
46:51 Torsion Engines
47:26 Squires
47:13 Arson
51:38 Elite Shotel Warrior
53:24 Capped Ram
55:42 Ring Archer Armor
55:13 Scale Mail Armor
55:24 Forging
chengaopeng044
0:38 Loom
0:39 Loom
0:39 Loom
11:02 Feudal Age
15:01 Castle Age
13:12 Double-Bit Axe
14:46 Bloodlines
15:14 Scale Barding Armor
19:12 Forging
21:27 Gold Mining
26:21 Bow Saw
30:08 Horse Collar
31:53 Heavy Plow
33:15 Wheelbarrow
34:55 Stone Mining
35:24 Town Watch
36:05 Chain Barding Armor
38:31 Hand Cart
39:11 Iron Casting
39:51 Husbandry
43:45 Kamandaran
43:49 Fletching
43:59 Padded Archer Armor
44:38 Gold Shaft Mining
43:42 Crossbowman
44:48 Thumb Ring
44:43 Bodkin Arrow
49:37 Imperial Age
47:53 Ballistics
50:02 Leather Archer Armor
50:15 Conscription
51:31 Chemistry
52:32 Ring Archer Armor
54:43 Two-Man Saw
54:26 Plate Barding Armor
55:17 Cavalier
grifon_5th
0:26 Loom
9:56 Feudal Age
10:42 Double-Bit Axe
16:39 Fletching
16:51 Padded Archer Armor
18:59 Wheelbarrow
23:45 Castle Age
22:07 Gold Mining
21:57 Horse Collar
24:01 Crossbowman
24:38 Bodkin Arrow
25:56 Leather Archer Armor
26:15 Squires
Haosbot
7:40 Loom
10:24 Feudal Age
11:13 Double-Bit Axe
12:21 Gold Mining
13:09 Fishing Lines
24:45 Castle Age
22:52 Horse Collar
26:52 Fletching
32:19 Wheelbarrow
33:42 Heavy Plow
34:12 Scale Barding Armor
34:17 Forging
34:30 Bloodlines
34:20 Husbandry
35:43 Husbandry
36:20 Chain Barding Armor
38:59 Stone Mining
42:30 Imperial Age
40:48 Chatras
42:39 Forging
43:07 Herbal Medicine
43:36 Bow Saw
43:50 Elite Battle Elephant
45:36 Plate Barding Armor
46:27 Elite Skirmisher
48:20 Bodkin Arrow
48:55 Hand Cart
48:22 Imperial Skirmisher
49:24 Bracer
49:25 Padded Archer Armor
51:25 Chemistry
51:52 Leather Archer Armor
53:56 Caravan
54:58 Ring Archer Armor
56:41 Paper Money
Vicky
3:38 Loom
10:10 Feudal Age
10:56 Double-Bit Axe
13:08 Fletching
13:04 Horse Collar
27:10 Castle Age
25:30 Padded Archer Armor
26:31 Gold Mining
27:51 Bodkin Arrow
27:49 Town Watch
28:17 Bow Saw
28:21 Crossbowman
33:33 Wheelbarrow
40:02 Stone Mining
47:11 Heavy Plow
51:44 Imperial Age
50:52 Hand Cart
51:00 Ballistics
52:11 Silk Road
53:36 Chemistry
53:00 Conscription
53:07 Bracer
53:15 Caravan
54:24 Leather Archer Armor
55:07 Thumb Ring
57:02 Ring Archer Armor
57:46 Crop Rotation
60:17 Two-Man Saw
59:14 Elite Genoese Crossbowman
Alanlam9284
3:02 Loom
9:28 Feudal Age
9:57 Double-Bit Axe
10:09 Horse Collar
14:43 Fletching
20:47 Castle Age
19:31 Gold Mining
21:27 Bloodlines
21:31 Husbandry
21:43 Bodkin Arrow
22:48 Ballistics
26:19 Padded Archer Armor
30:09 Wheelbarrow
34:24 Hand Cart
40:11 Imperial Age
38:04 Bow Saw
37:45 Stone Mining
38:47 Light Cavalry
39:45 Leather Archer Armor
39:36 Scale Barding Armor
39:41 Forging
39:48 Heavy Plow
40:14 Hussar
41:58 Chemistry
41:03 Bracer
41:21 Guard Tower
41:42 Masonry
42:31 Chain Barding Armor
43:34 Iron Casting
42:53 Treadmill Crane
44:08 Crop Rotation
44:14 Parthian Tactics
44:55 Svan Towers
45:10 Conscription
45:57 Plate Barding Armor
46:22 Blast Furnace
46:38 Town Watch
50:43 Heavy Cavalry Archer
52:52 Keep
53:07 Hoardings
57:09 Heavy Cavalry Archer
59:26 Aznauri Cavalry
59:34 Cavalier
60:28 Town Patrol
61:02 Architecture
60:28 Murder Holes
AoToA
6:30 Loom
9:00 Feudal Age
10:25 Double-Bit Axe
20:46 Castle Age
19:21 Bloodlines
23:43 Scale Barding Armor
31:57 Husbandry
32:24 Chain Barding Armor
32:48 Horse Collar
35:50 Wheelbarrow
35:01 Town Watch
36:40 Bow Saw
39:09 Hand Cart
42:17 Imperial Age
40:46 Pikeman
41:28 Scale Mail Armor
43:16 Chain Mail Armor
42:24 Halberdier
50:10 Arson
50:27 Capped Ram
53:28 Gold Mining
54:47 Conscription
54:19 Fletching
55:06 Plate Barding Armor
55:20 Bodkin Arrow
55:25 Padded Archer Armor
56:36 Two-Man Saw
56:20 Ballistics
57:01 Chemistry
56:14 Masonry
56:00 Murder Holes
57:11 Bracer
57:41 Parthian Tactics
56:37 Heavy Cavalry Archer
57:32 Thumb Ring
58:58 Leather Archer Armor
Connection lost

Rejoining the realm…

Still unreachable

The connection could not be restored.

Session expired

The server has moved on; the page needs a fresh start.